 Dungeon Crawl Stone Soup version 0.29-a0-819-g94b489e0ae (webtiles) character file.

Game seed: 9391358260573236903

37 Zonian the Chiller (level 3, -7/24 HPs)
             Began as a Demonspawn Ice Elementalist on July 6, 2022.
             Mangled by Terence
             ... wielding a +0 short sword
              (8 damage)
             ... on level 2 of the Dungeon.
             The game lasted 00:03:01 (2464 turns).

Zonian the Chiller (Demonspawn Ice Elementalist)    Turns: 2464, Time: 00:03:01

Health: -7/24      AC:  2    Str:  8    XL:     3   Next: 21%
Magic:  5/6        EV: 12    Int: 18    God:
Gold:   55         SH:  0    Dex: 13    Spells: 5/6 levels left

rFire   . . .      SeeInvis .   n - +2 whip (elec)
rCold   . . .      Faith    .   (no shield)
rNeg    + . .      Spirit   .   a - +0 robe
rPois   .          Reflect  .   (no helmet)
rElec   .          Harm     .   (no cloak)
rCorr   .          Rampage  .   (no gloves)
Will    .....                   (no boots)
Stlth   ++........              (no amulet)
HPRegen 0.08/turn               e - ring of positive energy
MPRegen 0.20/turn               (no ring)

@: brilliant
A: magic regeneration
a: no special abilities


You were on level 2 of the Dungeon.
You visited 1 branch of the dungeon, and saw 2 of its levels.

You collected 55 gold pieces.

Inventory:

Hand Weapons
 d - a +0 short sword
 n - a +2 whip of electrocution (weapon)
Armour
 a - a +0 robe (worn)
 p - a +2 helmet
Jewellery
 e - a ring of positive energy (left hand)
Scrolls
 c - 6 scrolls of identify {unknown}
 f - a scroll of fog {unknown}
 g - 2 scrolls of blinking {unknown}
 j - a scroll of brand weapon {unknown}
 l - 2 scrolls of enchant weapon {unknown}
 o - a scroll of acquirement {unknown}
Potions
 h - a potion of mutation {unknown}
 i - a potion of brilliance
 k - a potion of heal wounds {unknown}
 m - a potion of ambrosia {unknown}


   Skills:
 + Level 2.2 Dodging
 + Level 2.3 Stealth
 + Level 2.4 Spellcasting
 + Level 3.9 Ice Magic


You had 5 spell levels left.
You knew the following spells:

 Your Spells              Type           Power      Damage    Failure   Level
a - Freeze                Ice            96%        1d11      3%          1

Your spell library contained the following spells:

 Spells                   Type           Power      Damage    Failure   Level
 Frozen Ramparts          Ice            48%        1d6       11%         3
 Ozocubu's Armour         Ice            24%        N/A       11%         3
 Hailstorm                Conj/Ice       13%        3d5       61%         4


Dungeon Overview and Level Annotations

Branches:
Dungeon (2/15)

Altars:

Annotations:
D:2 Terence


Innate Abilities, Weirdness & Mutations

You regenerate magic rapidly.


Message History

There is an open door here.
Terence shouts!
A kobold comes into view. It is wielding a +0 whip.
A giant cockroach comes into view.
The kobold shouts!
Terence attacks as you move away! Terence hits you with a +0 short sword!
Terence hits you but does no damage.
There is an open door here.
Casting: Freeze (safe; 3% risk of failure)
Confirm with . or Enter, or press ? or * to list all spells.
Aiming: Freeze (safe; 3% risk of failure)
Press: ? - help, Shift-Dir - straight line, f - Terence
Aim: Terence, wielding a +0 short sword and wearing a +0 scale mail You freeze Terence.
Terence is lightly wounded.
Terence hits you with a +0 short sword.
Unknown command.
Casting: Freeze (safe; 3% risk of failure)
Confirm with . or Enter, or press ? or * to list all spells.
Aiming: Freeze (safe; 3% risk of failure)
Press: ? - help, Shift-Dir - straight line, f/p - Terence
Aim: Terence, wielding a +0 short sword and wearing a +0 scale mail (lightly wounded)
You freeze Terence!
Terence is severely wounded.
Terence hits you with a +0 short sword!
* * * LOW HITPOINT WARNING * * *
Magic courses through your body.
Terence drinks a potion.
Terence is healed!
Casting: Freeze (safe; 3% risk of failure)
Confirm with . or Enter, or press ? or * to list all spells.
Aiming: Freeze (safe; 3% risk of failure)
Press: ? - help, Shift-Dir - straight line, f/p - Terence
Aim: Terence, wielding a +0 short sword and wearing a +0 scale mail (moderately wounded)
You freeze Terence.
Terence is moderately wounded.
Terence hits you with a +0 short sword.
* * * LOW HITPOINT WARNING * * *
It was a potion of brilliance.
You feel clever all of a sudden. Terence hits you with a +0 short sword!
You die...

#.#.†.......####...###
#####>....................
#............############'
#.......####.# #.....
#.......# #.# #.._..
#...(...# #.# #..†..
#.......# #.# #.....
#.......####.# #.....
+......B@@.#.# #.....
#......K##.#.# #.....
#.......##.#.###### #.....
#.......##.#......# #.....
#........^..#.######.#
#.....
......=.....#........#
#.....
##..........##########
###### #####..........#
...............#


You could see Terence, a giant cockroach and a kobold.

Vanquished Creatures
  2 dart slugs
  2 bats
  6 endoplasms
  2 hobgoblins (D:1)
  3 jackals (D:2)
  4 quokkas
  A ball python (D:1)
  3 frilled lizards
  3 kobolds (D:1)
  4 rats
30 creatures vanquished.

Notes
Turn   | Place    | Note
-------+----------+-------------------------------------------
     0 | D:1      | Zonian the Demonspawn Ice Elementalist began the quest for
                  | the Orb.
     0 | D:1      | Reached XP level 1. HP: 13/13 MP: 3/3
   401 | D:1      | Gained mutation: You regenerate magic rapidly. [demonic
                  | ancestry]
   401 | D:1      | Reached XP level 2. HP: 17/19 MP: 1/5
  1951 | D:2      | Noticed Terence
  1954 | D:2      | Reached XP level 3. HP: 22/24 MP: 4/6
  2151 | D:2      | Found a faded altar of an unknown god.
  2463 | D:2      | HP: 1/24 [Terence/+0 short sword (6)]
  2464 | D:2      | Mangled by Terence

Illustrated notes

Levels and vault maps discovered:
D:1:      dpeg_arrival_boxes_within_box, layout_basic
D:2:      layout_basic, basic_ecumenical_altar, uniq_terence

Skill      XL: |  1 |
---------------+----+-----
Dodging        | 2 |  2.2
Stealth        | 2 |  2.3
Spellcasting   | |  2.4
Ice Magic      | |  3.9

Action                   || total
-------------------------++-------
Melee: Short sword       ||    30
       Whip              ||    17
 Cast: Freeze            ||    28
  Use: Potion            ||     2
 Stab: Sleeping          ||     5
Armor: Robe              ||    12
Dodge: Dodged            ||    48

Table legend: (Time is in decaauts)
 A = Elapsed time spent in this place.
 B = Non-inter-level travel time spent in this place.
 C = Inter-level travel time spent in this place.
 D = Time resting spent in this place.
 E = Time spent auto-exploring this place.
 F = Levels seen in this place.
 G = Mean time per level.
                   A        B        C        D        E       F      G
               +--------+--------+--------+--------+--------+-----+--------+
         Total |   2467 |   2373 |     94 |    818 |   1171 |   2 | 1233.5 |
       Dungeon |   2467 |   2373 |     94 |    818 |   1171 |   2 | 1233.5 |
               +--------+--------+--------+--------+--------+-----+--------+

Top non-repeatable levels by time:
     D:1: 1868 daAuts
     D:2: 599 daAuts
